 Dungeon Crawl Stone Soup version 0.20.0-4-g10b340a (webtiles) character file.

215 Hasart the Poker (level 5, -1/49 HPs)
             Began as a Naga Warper on May 28, 2017.
             Slain by a hobgoblin (2 damage)
             ... on level 4 of the Dungeon.
             The game lasted 00:07:59 (4714 turns).

Hasart the Poker (Naga Warper)                      Turns: 4714, Time: 00:08:00

Health: -1/49      AC:  4    Str: 13    XL:     5   Next: 92%
Magic:  4/8        EV: 10    Int: 14    God:
Gold:   114        SH:  0    Dex: 11    Spells: 3/8 levels left

rFire    + . .     SeeInvis +   a - +0 spear
rCold    . . .     Gourm    .   (no shield)
rNeg     . . .     Faith    .   b - +0 leather armour
rPois    +         Spirit   .   q - +0 helmet
rElec    .         Reflect  .   (no cloak)
rCorr    .         Harm     .   (no gloves)
MR       .....                  (no barding)
Stlth    +.........             (no amulet)
Regen    0.2/turn               (no ring)
MPRegen  0.2/turn               o - ring of protection from fire

@: slowed, very slow
A: see invisible, deformed body, poison resistance, slowness 2, slow metabolism
1, spit poison 1, AC +1
a: Spit Poison


You were on level 4 of the Dungeon.
You were not hungry.

You visited 1 branch of the dungeon, and saw 4 of its levels.

You collected 114 gold pieces.

Inventory:

Hand Weapons
 a - a +0 spear (weapon)
Missiles
 e - 5 tomahawks of dispersal (quivered)
 m - 4 tomahawks
Armour
 b - a +0 leather armour (worn)
 q - a +0 helmet (worn)
Jewellery
 n - an uncursed ring of ice
 o - a ring of protection from fire (right hand)
Wands
 x - a wand of lightning (12/15)
Scrolls
 d - a scroll of blinking
 g - a scroll of teleportation
 h - a scroll of enchant weapon {unknown}
 i - 2 scrolls of fear {unknown}
 l - 7 scrolls of remove curse {unknown}
 p - 2 scrolls of identify {unknown}
 r - a scroll of fog {unknown}
 s - 3 scrolls of amnesia {unknown}
 t - 2 scrolls of noise {unknown}
 u - a scroll of enchant armour {unknown}
Potions
 v - 3 potions of heal wounds {unknown}
 w - a potion of flight {unknown}
Books
 c - a book of Spatial Translocations

   Spells                             Type                      Level
   a - Blink                          Translocation                2
   b - Shroud of Golubria             Charms/Translocation         2
   c - Lesser Beckoning               Translocation                3
   d - Gell's Gravitas                Translocation                3
   e - Teleport Other                 Translocation                3
   f - Passage of Golubria            Translocation                4
Comestibles
 f - a bread ration
 j - 2 royal jellies
 k - 3 meat rations
 z - 5 chunks of flesh


   Skills:
 + Level 3.1 Fighting
 * Level 4.3 Polearms
 - Level 0.8 Throwing
 - Level 0.7 Armour
 + Level 2.9 Dodging
 - Level 2.0 Spellcasting
 + Level 3.1 Translocations


You had 3 spell levels left.
You knew the following spells:

 Your Spells              Type           Power        Failure   Level  Hunger
a - Blink                 Tloc           N/A          13%         2    ###....
b - Lesser Beckoning      Tloc           ##........   26%         3    ####...


Dungeon Overview and Level Annotations

Branches:
Dungeon (4/15)
 Temple: D:4-7

Altars:
Fedhas
Hepliaklqana
Makhleb
Okawaru
Qazlal
Xom


Innate Abilities, Weirdness & Mutations

You cannot wear boots.
Your serpentine skin is tough. (AC +1)
You have supernaturally acute eyesight. (SInv)
Armour fits poorly on your strangely shaped body.
Your system is resistant to poisons. (rPois)
You cover ground very slowly.
You have a slow metabolism.
You can spit poison.


Message History

The hobgoblin hits you.
* * * LOW HITPOINT WARNING * * *
The hobgoblin hits you.
* * * LOW HITPOINT WARNING * * *
Found 5 stones.
Found an iron altar of Okawaru.
A hobgoblin comes into view.
You see here 4 stones.
Unknown command.
Unknown command.
Unknown command.
Unknown command.
Blink to where?
Press: ? - help, Dir - move target cursor, f - you
Okay, then.
Casting: Blink
Confirm with . or Enter, or press ? or * to list all spells.
You blink.
Splash!
The goblin barely misses you. The hobgoblin hits you.
You die...

#[.#
#..##
##..#
##_###
##≈.≈.#
#g≈.g##
##§.≈.#
#g≈oo##
##@.≈.#
#g≈.≈##
###+##


You could see a gnoll, 2 orcs, 2 hobgoblins and a goblin.

Vanquished Creatures
  Jessica (D:2)
  A worker ant (D:3)
  3 gnolls
  2 adders
  6 worms
  4 dart slugs
  A leopard gecko (D:1)
  9 orcs
  3 giant cockroaches (D:1)
  7 goblins
  9 hobgoblins
  2 jackals (D:1)
  8 kobolds
  A quokka (D:4)
  2 ball pythons (D:3)
  13 bats
  7 frilled lizards
  A jackal skeleton (D:4)
  A leopard gecko skeleton (D:4)
  7 rats (D:1)
88 creatures vanquished.

Notes
Turn   | Place    | Note
-------+----------+-------------------------------------------
     0 | D:1      | Hasart the Naga Warper began the quest for the Orb.
     0 | D:1      | Reached XP level 1. HP: 19/19 MP: 3/3
     6 | D:1      | Noticed a hound
     6 | D:1      | Noticed a rime drake
     6 | D:1      | Noticed a black bear
   366 | D:1      | Reached XP level 2. HP: 19/26 MP: 5/5
   816 | D:1      | Reached XP level 3. HP: 30/33 MP: 6/6
  1074 | D:1      | Reached skill level 3 in Polearms
  1832 | D:2      | Noticed Jessica
  1841 | D:2      | Killed Jessica
  1841 | D:2      | Reached XP level 4. HP: 15/40 MP: 7/7
  2083 | D:2      | Learned a level 2 spell: Blink
  2087 | D:2      | Learned a level 3 spell: Lesser Beckoning
  3107 | D:3      | Reached XP level 5. HP: 32/49 MP: 8/8
  3291 | D:3      | Reached skill level 4 in Polearms
  4018 | D:3      | Found a hazy altar of Hepliaklqana.
  4021 | D:3      | Found a blossoming altar of Fedhas.
  4034 | D:3      | Found a shimmering altar of Xom.
  4039 | D:3      | Found a burning altar of Makhleb.
  4040 | D:3      | Found a stormy altar of Qazlal.
  4713 | D:4      | Found an iron altar of Okawaru.
  4713 | D:4      | HP: 1/49 [hobgoblin (3)]
  4714 | D:4      | Slain by a hobgoblin

Skill      XL: |  1  2  3  4  5 |
---------------+----------------+-----
Polearms       | 3 4 |  4.3
Dodging        | 2 |  2.9
Fighting       | 3 |  3.1
Throwing       | |  0.8
Armour         | |  0.7
Spellcasting   | |  2.0
Translocations | |  3.1

Action                   |  1- 3 |  4- 6 || total
-------------------------+-------+-------++-------
Melee: Spear             |   145 |   246 ||   391
 Cast: Blink             |       |     3 ||     3
 Abil: Spit Poison       |     6 |    23 ||    29
  Use: Potion            |       |     2 ||     2
       Scroll            |       |     1 ||     1
  Eat: Chunk             |     2 |     9 ||    11
Armor: Leather armour    |    46 |    50 ||    96
Dodge: Dodged            |    71 |   104 ||   175
